 Dungeon Crawl Stone Soup version 0.29.1-13-g9f3cf754e1 (webtiles) character file.

Game seed: 5398697016327707978

12083 KittyFluff the Basher (level 11, -12/69 HPs)
             Began as a Gargoyle Berserker on Jan 21, 2023.
             Was a High Priest of Trog.
             Mangled by a death yak simulacrum (21 damage)
             ... in an ice cave.
             The game lasted 00:56:43 (13771 turns).

KittyFluff the Basher (Gargoyle Berserker)         Turns: 13771, Time: 00:56:46

Health: -12/69     AC: 27    Str: 20    XL:     11   Next: 87%
Magic:  11/11      EV: 14    Int:  9    God:    Trog [*****.]
Gold:   948        SH:  0    Dex: 13    Spells: 10/10 levels left

rFire   . . .      SeeInvis .   t - +3 dire flail (venom)
rCold   . . .      Faith    .   (shield currently unavailable)
rNeg    + . .      Spirit   .   H - +3 leather armour of the Hurricane {Contam Will++}
rPois   ∞          Reflect  .   y - +1 helmet
rElec   +          Harm     .   (no cloak)
rCorr   .          Rampage  .   F - +0 pair of gloves
Will    ++...                   (no boots)
Stlth   +++.......              K - amulet of the acrobat
HPRegen 0.21/turn               f - +4 ring of protection
MPRegen 0.12/turn               v - +4 ring of protection

@: no status effects
A: sickness immunity, AC +8, negative energy resistance 1, electricity
resistance, torment resistance 1, petrification resistance
a: Renounce Religion, Berserk, Trog's Hand, Brothers in Arms


You were in an ice cave.
You worshipped Trog.
Trog was extremely pleased with you.
You visited 2 branches of the dungeon, and saw 12 of its levels.
You also visited: Ice Cave.

You collected 948 gold pieces.

Inventory:

Hand Weapons
 t - a +3 dire flail of venom (weapon)
 U - a +0 arbalest
 X - a +0 shortbow
Missiles
 g - 45 poisoned darts (quivered)
 k - 10 boomerangs
 N - 2 javelins
Armour
 n - a +0 kite shield of cold resistance
 y - a +1 helmet (worn)
 F - a +0 pair of gloves (worn)
 H - the +3 leather armour of the Hurricane (worn) {Contam Will++}
   (You found it on level 6 of the Dungeon)

   Contam:    It causes magical contamination when unequipped.
   Will:      It greatly increases your willpower.
 T - a scarf of shadows
Jewellery
 f - a +4 ring of protection (left hand)
 h - a ring of willpower
 o - a +4 ring of slaying
 v - a +4 ring of protection (right hand)
 z - a +6 ring of strength
 A - a ring of willpower
 B - a +6 ring of strength
 C - a ring of willpower
 I - a ring of see invisible
 K - an amulet of the acrobat (around neck)
Wands
 e - a wand of quicksilver (9)
 p - a wand of iceblast (17)
 w - a wand of digging (6)
 G - a wand of charming (13)
Scrolls
 c - 15 scrolls of teleportation
 d - 2 scrolls of fear
 i - a scroll of poison
 j - a scroll of noise {unknown}
 l - 2 scrolls of silence
 m - a scroll of summoning
 s - 2 scrolls of butterflies
 u - a scroll of enchant weapon {unknown}
 R - 2 scrolls of immolation
 S - a scroll of torment
 W - a scroll of blinking
Potions
 a - a potion of cancellation
 b - a potion of invisibility {unknown}
 q - 2 potions of curing
 r - 3 potions of attraction
 x - 2 potions of flight {unknown}
 D - 3 potions of ambrosia {unknown}
 E - a potion of berserk rage {unknown}
 J - a potion of degeneration {unknown}
 L - 2 potions of magic {unknown}
 M - 2 potions of lignification {unknown}
 O - a potion of heal wounds {unknown}
 Q - a potion of haste {unknown}
 V - 2 potions of resistance {unknown}
Miscellaneous
 Y - a box of beasts


   Skills:
 + Level 8.6 Fighting
 + Level 12.4 Maces & Flails
 * Level 9.5 Armour
 + Level 6.8 Dodging
 + Level 5.0 Stealth


You had 10 spell levels left.
You didn't know any spells.
Your spell library was empty.

Dungeon Overview and Level Annotations

Branches:
Dungeon (11/15)            Temple (0/1) D:5            Lair (1/5) D:11
    Orc (0/2) D:10          IceCv (1/1)

Altars:
Ashenzari
Cheibriados
Dithmenos
Fedhas
Gozag
Kikubaaqudgha
Sif Muna
Wu Jian
Xom
Yredelemnul
Zin

Annotations:
D:9 1 runed translucent door, hawla's ghost, journeyman MeFE
D:11 1 transporter, Barsook's ghost, journeyman GrFi


Innate Abilities, Weirdness & Mutations

You are immune to sickness and miasma.
Your stone body is resilient. (AC +8)
You are immune to poison.
You resist negative energy. (rN+)
You are resistant to electric shocks. (rElec)
You are resistant to unholy torment.
You are immune to petrification.


Message History

Trog accepts your kill.
You hit the cane toad simulacrum.
The cane toad simulacrum is lightly damaged.
You impale the cane toad simulacrum!!
The cane toad simulacrum vaporises!
Trog accepts your kill.
You start resting.
A polar bear simulacrum comes into view.
You start resting.
A polar bear simulacrum is nearby!
The polar bear simulacrum completely misses you. x2
The polar bear simulacrum claws you but does no damage.
You puncture the polar bear simulacrum!
The polar bear simulacrum is heavily damaged.
The polar bear simulacrum closely misses you.
The polar bear simulacrum completely misses you.
The polar bear simulacrum claws you but does no damage.
You puncture the polar bear simulacrum!
The polar bear simulacrum vaporises!
Trog accepts your kill.
You start resting.
HP restored.
Why would you want to do that?
A death yak simulacrum comes into view.
The death yak simulacrum gores you. The death yak simulacrum freezes you!!
You puncture the death yak simulacrum!
The death yak simulacrum is moderately damaged.
The death yak simulacrum gores you. The death yak simulacrum freezes you!!
* * * LOW HITPOINT WARNING * * *
You impale the death yak simulacrum!!
The death yak simulacrum is severely damaged.
Something shouts, "Return whence thou came, thou feeble dismal-dreaming bum-bailey!"
You hear a shout!
You hit the death yak simulacrum.
The death yak simulacrum is severely damaged.
You hear a shout!
The death yak simulacrum gores you.
* * * LOW HITPOINT WARNING * * *
The death yak simulacrum freezes you!!
You die...

###.#....####...##
########.###..#
#....#....##
###.#####..###
#..#......##≈# #
###..##..###≈≈# .#
##...#####≈≈≈≈≈# .#
#..#######≈≈≈≈###..#
##..###..###.##@Z.#
##...#.#.#.#....##
##.#.##..#....##
##############


You could see a death yak simulacrum.

Vanquished Creatures
  A two-headed ogre (D:9)
  Erica (D:9)
  Lodul (D:10)
  Joseph (D:9)
  A gargoyle (D:10)
  7 unseen horror zombies (D:9)
  A troll (D:10)
  A hornet (D:8)
  3 shadows
  A wyvern (D:8)
  4 yaks (Lair:1)
  A wraith (D:10)
  2 steam dragons
  A death yak simulacrum (IceCv)
  2 harpy simulacra (IceCv)
  A water moccasin (D:6)
  A hornet zombie (D:9)
  5 orc warriors
  2 sky beasts
  2 ice beasts
  9 ogres
  3 centaurs
  2 phantoms
  2 kobold brigands
  6 bullfrogs
  2 necrophages
  A gnoll sergeant (D:7)
  5 scorpions
  A cane toad simulacrum (IceCv)
  3 two-headed ogre simulacra (IceCv)
  6 wights
  A troll zombie (D:10)
  5 killer bees
  5 howler monkeys
  An electric eel (D:8)
  2 jellies
  A centaur zombie (D:9)
  5 hounds
  A gnoll bouda (D:9)
  8 orc priests
  3 iguanas (D:5)
  8 orc wizards
  2 polar bear simulacra (IceCv)
  3 spriggan simulacra (IceCv)
  A troll simulacrum (IceCv)
  2 wolf simulacra (IceCv)
  5 ogre zombies (D:10)
  A mummy (D:6)
  6 gnolls
  8 adders
  3 naga simulacra (IceCv)
  2 white imps
  4 ufetubi
  3 worms
  4 dart slugs
  47 orcs
  4 ball pythons
  6 bats
  7 endoplasms
  A giant cockroach (D:3)
  8 goblins
  9 hobgoblins
  2 jackals (D:2)
  A quokka (D:5)
  3 frilled lizards
  3 goblin zombies (D:10)
  2 hobgoblin skeletons (D:10)
  A hobgoblin zombie (D:10)
  11 kobolds
  2 orc skeletons (D:10)
  10 orc zombies (D:10)
  6 rats
286 creatures vanquished.

Vanquished Creatures (others)
  An orc wizard (D:8)
  3 plants (D:3)
  3 withered plants (D:9)
7 creatures vanquished.

Grand Total: 293 creatures vanquished

Notes
Turn   | Place    | Note
-------+----------+-------------------------------------------
     0 | D:1      | KittyFluff the Gargoyle Berserker began the quest for the
                  | Orb.
     0 | D:1      | Reached XP level 1. HP: 14/14 MP: 1/1
   141 | D:1      | Found a faded altar of an unknown god.
   232 | D:1      | Reached XP level 2. HP: 19/19 MP: 2/2
  1150 | D:2      | Reached XP level 3. HP: 20/24 MP: 3/3
  1153 | D:2      | Reached ** piety under Trog
  1592 | D:2      | Identified the +4 trident "Utzo Fut" {protect, rElec
                  | Stlth+}
  2037 | D:3      | Reached XP level 4. HP: 24/29 MP: 4/4
  2122 | D:3      | Reached skill level 4 in Maces & Flails
  2889 | D:3      | Reached XP level 5. HP: 33/33 MP: 5/5
  3191 | D:3      | Reached *** piety under Trog
  3302 | D:4      | Found a blossoming altar of Fedhas.
  3417 | D:4      | Found a shadowy altar of Dithmenos.
  3440 | D:4      | Noticed an ogre
  3450 | D:4      | Killed an ogre
  3451 | D:4      | Reached skill level 1 in Stealth
  3451 | D:4      | Reached XP level 6. HP: 21/38 MP: 6/6
  3708 | D:4      | Found an opulent altar of Gozag.
  3805 | D:4      | Reached skill level 5 in Maces & Flails
  4299 | D:5      | Entered Level 5 of the Dungeon
  4347 | D:5      | Noticed an ice beast
  4482 | D:5      | Reached XP level 7. HP: 40/44 MP: 7/7
  4782 | D:5      | Reached skill level 6 in Maces & Flails
  5109 | D:5      | Reached XP level 8. HP: 46/48 MP: 8/8
  5179 | D:5      | Found a staircase to the Ecumenical Temple.
  5368 | D:6      | Identified the +3 leather armour of the Hurricane {Contam
                  | Will++}
  5419 | D:6      | Found a snail-covered altar of Cheibriados.
  5565 | D:6      | Reached skill level 5 in Fighting
  5565 | D:6      | Reached skill level 5 in Armour
  5908 | D:6      | Reached skill level 7 in Maces & Flails
  6515 | D:7      | Reached XP level 9. HP: 54/54 MP: 9/9
  6590 | D:7      | Found a broken altar of Ashenzari.
  6594 | D:7      | Found a shimmering altar of Xom.
  6611 | D:7      | Reached skill level 8 in Maces & Flails
  7732 | D:8      | Reached **** piety under Trog
  7880 | D:8      | Noticed a hornet
  7901 | D:8      | Killed a hornet
  7902 | D:8      | Reached skill level 9 in Maces & Flails
  8371 | D:8      | Found a basalt altar of Yredelemnul.
  8670 | D:8      | Reached XP level 10. HP: 37/61 MP: 10/10
  8828 | D:8      | Found an ornate altar of the Wu Jian Council.
  8959 | D:9      | Reached skill level 10 in Maces & Flails
  9081 | D:9      | Reached skill level 5 in Dodging
  9298 | D:9      | Noticed a two-headed ogre
  9318 | D:9      | Killed a two-headed ogre
  9918 | D:9      | Noticed Erica
  9958 | D:9      | Found a shimmering blue altar of Sif Muna.
 10007 | D:9      | Reached XP level 11. HP: 42/67 MP: 11/11
 10384 | D:9      | Noticed Joseph
 10400 | D:9      | Killed Joseph
 10401 | D:9      | Reached skill level 11 in Maces & Flails
 10401 | D:9      | Found a runed translucent door.
 10401 | D:9      | Noticed hawla's ghost (journeyman MeFE)
 10871 | D:9      | Killed Erica
 11092 | D:10     | Entered Level 10 of the Dungeon
 11271 | D:10     | Noticed Lodul
 11372 | D:10     | Reached ***** piety under Trog
 11464 | D:10     | Killed Lodul
 11680 | D:10     | Found a staircase to the Orcish Mines.
 11977 | D:10     | Found a glowing silver altar of Zin.
 12225 | D:10     | Reached skill level 12 in Maces & Flails
 12506 | D:10     | Found an ancient bone altar of Kikubaaqudgha.
 12615 | D:11     | Found a transporter.
 12615 | D:11     | Found a staircase to the Lair.
 12615 | D:11     | Noticed Barsook's ghost (journeyman GrFi)
 12630 | Lair:1   | Entered Level 1 of the Lair of Beasts
 12744 | Lair:1   | Found a frozen archway.
 12769 | IceCv    | Entered an ice cave
 12787 | IceCv    | HP: 3/103 [troll simulacrum (20)]
 13186 | IceCv    | Received a gift from Trog
 13187 | IceCv    | Reached skill level 5 in Stealth
 13341 | IceCv    | Identified the +6 trident of Responsibility {venom, Int+4}
 13771 | IceCv    | Mangled by a death yak simulacrum

Illustrated notes

Levels and vault maps discovered:
D:1:      minmay_arrival_open_corners, layout_basic,
          shapermc_ecumenical_altar_acropolis, bh_walls_and_bars
D:2:      layout_loops_corners, solitary_fountain,
          nicolae_elevator_lobby_asterisk
D:3:      corexii_shack_village, layout_loops_cross
D:4:      layout_loops_ring, fedhas_altar_4, nicolae_dithmenos_shadow_blocks,
          mainiacjoe_overflow_alcove_1
D:5:      layout_rooms, minmay_temple_entry_enclosed_plants
D:6:      wad_pebble_path, layout_loops_ring, chei_slow_surprise,
          nicolae_benzene_ring, item_on_display_a
D:7:      layout_basic, grunt_temple_overflow_open
D:8:      layout_loops_cross, jmf_multi_god_temple, kennysheep_path_1
D:9:      layout_roguey, mainiacjoe_overflow_alcove_2, serial_undead,
          serial_undead_e, serial_undead_d, serial_undead_e, serial_undead_c,
          serial_undead_f, serial_undead_a, hellmonk_ghost_happy_afterlife,
          uniq_erica, uniq_joseph
D:10:     layout_small_grid, mainiacjoe_overflow_alcove_4, zin_academy,
          zombieorc1_lemuel, uniq_lodul
D:11:     layout_gridville, lair_entry_dummy, gammafunk_ghost_arena
Lair:1:   layout_chaotic_city, portal_ice_cave_entry_pillars_2, uniq_harold
IceCv:    ice_cave_caverns_02

Skill      XL: |  1  2  3  4  5  6  7  8  9 10 11 |
---------------+----------------------------------+-----
Armour         | 3 4 5 7 8 9 |  9.5
Maces & Flails | 4 5 6 7 9 10 12 | 12.4
Dodging        | 2 3 4 6 |  6.8
Fighting       | 4 5 6 7 8 |  8.6
Stealth        | 1 2 3 4 5 |  5.0

Action                   |  1- 3 |  4- 6 |  7- 9 | 10-12 || total
-------------------------+-------+-------+-------+-------++-------
Melee: Mace              |   109 |   174 |   197 |   183 ||   663
       Punch             |       |     1 |     4 |     1 ||     6
       Flail             |       |       |   248 |       ||   248
       Dire flail        |       |       |       |   364 ||   364
Throw: Dart              |       |       |       |     3 ||     3
Invok: Berserk           |       |     2 |     3 |     4 ||     9
  Use: Scroll            |       |     2 |     3 |    14 ||    19
 Stab: Sleeping          |       |     1 |     2 |     4 ||     7
       Distracted        |       |       |     2 |     2 ||     4
Armor: Animal skin       |    42 |       |       |       ||    42
       Leather armour    |       |    71 |   251 |   296 ||   618
Dodge: Dodged            |    91 |   105 |   282 |   382 ||   860
